 Dungeon Crawl Stone Soup version 0.23.2-1-ga50397a (webtiles) character file.

Game seed: 7599567433132732773

3847 whitewolfNL the Grappler (level 9, -9/88 HPs)
             Began as a Troll Berserker on May 8, 2019.
             Was a High Priest of Trog.
             Mangled by a two-headed ogre
             ... wielding a +0 dire flail
              (16 damage)
             ... on level 8 of the Dungeon.
             The game lasted 00:28:40 (6765 turns).

whitewolfNL the Grappler (Troll Berserker)          Turns: 6765, Time: 00:28:40

Health: -9/88      AC:  6    Str: 28    XL:     9   Next: 98%
Magic:  9/9        EV: 12    Int:  3    God:    Trog [*****.]
Gold:   587        SH:  0    Dex: 11    Spells: 8/8 levels left

rFire    + . .     SeeInvis .     - Unarmed
rCold    + . .     Gourm    +   (no shield)
rNeg     . . .     Faith    .   P - +0 robe {rC+ rF+}
rPois    .         Spirit   .   (helmet restricted)
rElec    .         Reflect  .   (no cloak)
rCorr    +         Harm     .   (gloves unavailable)
MR       .....                  (boots unavailable)
Stlth    ++........             (no amulet)
HPRegen  0.64/turn              F - ring of resist corrosion
MPRegen  0.11/turn              (no ring)

@: berserk cooldown, slowed, very slow
A: large, unfitting armour, claws 3, fast metabolism 3, gourmand, regeneration
1, shaggy fur 1, tough skin 3
a: Berserk, Trog's Hand, Brothers in Arms, Renounce Religion


You were on level 8 of the Dungeon.
You worshipped Trog.
Trog was extremely pleased with you.
You were very full.

You visited 1 branch of the dungeon, and saw 8 of its levels.
You also visited: Sewer.

You collected 587 gold pieces.

Inventory:

Hand Weapons
 t - a +3 scythe of flaming
 y - a +0 blowgun
 H - a +0 mace of protection
 I - a +1 arbalest of freezing
Missiles
 d - 68 arrows
 g - 218 stones (quivered)
 h - 3 javelins
 i - 115 bolts
 j - 4 javelins of penetration
 o - 73 sling bullets
 z - 62 poisoned needles
 R - 4 poisoned tomahawks
Armour
 P - a +0 robe of resistance (worn)
Jewellery
 F - a ring of resist corrosion (left claw)
Wands
 a - a wand of scattershot (6)
 A - a wand of flame (18)
 C - a wand of disintegration (11)
 D - a wand of acid (1)
Scrolls
 e - 2 scrolls of enchant weapon
 f - 3 scrolls of remove curse
 k - 2 scrolls of amnesia {unknown}
 l - 3 scrolls of immolation
 p - 6 scrolls of fog
 x - 9 scrolls of teleportation
 E - a scroll of blinking {unknown}
 G - a scroll of random uselessness {unknown}
 K - a scroll of vulnerability {unknown}
 N - 2 scrolls of enchant armour {unknown}
 O - a scroll of acquirement {unknown}
 Q - a scroll of identify
Potions
 c - 3 potions of curing
 m - a potion of brilliance {unknown}
 n - a potion of ambrosia {unknown}
 q - 3 potions of haste
 r - 5 potions of flight
 s - a potion of heal wounds {unknown}
 u - 2 potions of mutation {unknown}
 v - a potion of lignification {unknown}
 w - a potion of cancellation {unknown}
 B - a potion of might {unknown}
 J - 3 potions of degeneration {unknown}
 L - a potion of magic {unknown}
Comestibles
 b - 16 rations
 M - 6 chunks of flesh


   Skills:
 * Level 5.2 Fighting
 * Level 4.9 Throwing
 + Level 5.1 Dodging
 - Level 2.2 Stealth
 + Level 9.8 Unarmed Combat
 * Level 2.4 Evocations


You had 8 spell levels left.
You didn't know any spells.
Your spell library was empty.

Dungeon Overview and Level Annotations

Branches:
Dungeon (8/15)             Temple (0/1) D:5
   Lair: D:8-11

Altars:
Dithmenos
Fedhas
Makhleb
Nemelex Xobeh
Ru
Sif Muna
Wu Jian
Zin


Innate Abilities, Weirdness & Mutations

You are too large for most types of armour.
You have claws for hands.
Your metabolism is lightning-fast.
You like to eat raw meat.
Your natural rate of healing is unusually fast.
You are covered in fur. (AC +1)
You have extremely tough skin. (AC +3)


Message History

The two-headed ogre barely misses you.
Found a stone staircase leading up.
You see here a wand of paralysis (12).
You claw the two-headed ogre!
The two-headed ogre is moderately wounded.
The two-headed ogre hits you with a +0 dire flail!
The two-headed ogre barely misses you.
You claw the two-headed ogre!
The two-headed ogre is heavily wounded.
The two-headed ogre hits you with a +0 dire flail!
The two-headed ogre hits you with a +0 giant club.
You mangle the two-headed ogre!!
The two-headed ogre is almost dead.
The two-headed ogre hits you with a +0 dire flail!!
The two-headed ogre hits you with a +0 giant club!!
* * * LOW HITPOINT WARNING * * *
You barely miss the two-headed ogre.
The two-headed ogre is almost dead.
The two-headed ogre hits you with a +0 dire flail!
You die...

### ##.#####
#.....@# ..#
#)####.O..[.# #.#
##.# ##.......
..# ###).#
.....#< # #.#
#.).## ###### #
#.# #.### # #.#
#.# #####
###.####.####...#
..............#.#


You could see a two-headed ogre.

Vanquished Creatures
  A two-headed ogre (D:5)
  Grinder (D:6)
  Sigmund (D:2)
  2 orc warriors
  A sky beast (D:6)
  2 ice beasts
  2 phantoms
  3 ogres
  4 bullfrogs
  A scorpion (D:5)
  3 wights (D:7)
  3 howler monkeys
  A centaur zombie (D:7)
  5 crimson imps
  4 hounds
  2 jellies
  4 orc priests
  3 orc wizards
  A centaur skeleton (D:8)
  Ijyb (D:4)
  2 iguanas (D:6)
  8 worker ants
  2 hound skeletons
  15 gnolls
  10 adders
  A howler monkey skeleton (D:4)
  A river rat (D:6)
  3 shadow imps
  6 oozes
  An adder skeleton (D:4)
  6 worms
  3 dart slugs
  7 leopard geckos
  23 orcs
  23 bats
  8 giant cockroaches
  5 goblins
  12 hobgoblins
  21 jackals
  4 quokkas
  9 ball pythons
  5 frilled lizards
  6 kobolds
  A leopard gecko zombie (D:5)
  13 rats
240 creatures vanquished.

Notes
Turn   | Place    | Note
-------+----------+-------------------------------------------
     0 | D:1      | whitewolfNL the Troll Berserker began the quest for the
                  | Orb.
     0 | D:1      | Reached XP level 1. HP: 22/22 MP: 0/0
    61 | D:1      | Reached XP level 2. HP: 29/29 MP: 1/1
   532 | D:1      | Reached XP level 3. HP: 36/36 MP: 2/2
   588 | D:1      | Reached ** piety under Trog
  1024 | D:2      | Reached XP level 4. HP: 43/44 MP: 3/3
  1183 | D:2      | Noticed Sigmund
  1193 | D:2      | Killed Sigmund
  1193 | D:2      | Reached skill level 1 in Throwing
  1193 | D:2      | Reached skill level 1 in Stealth
  1193 | D:2      | Reached skill level 4 in Unarmed Combat
  1193 | D:2      | Reached XP level 5. HP: 53/53 MP: 4/4
  1397 | D:2      | Reached *** piety under Trog
  1428 | D:2      | Found a blossoming altar of Fedhas.
  1880 | D:3      | Reached XP level 6. HP: 61/61 MP: 5/5
  2500 | D:4      | Noticed an ice beast
  2512 | D:4      | Killed an ice beast
  2512 | D:4      | Reached skill level 5 in Unarmed Combat
  2536 | D:4      | Reached XP level 7. HP: 28/67 MP: 6/6
  2808 | D:4      | Noticed Ijyb
  2813 | D:4      | Killed Ijyb
  2839 | D:4      | Reached **** piety under Trog
  2867 | D:5      | Entered Level 5 of the Dungeon
  3002 | D:5      | Noticed a two-headed ogre
  3008 | D:5      | Found a staircase to the Ecumenical Temple.
  3015 | D:5      | Killed a two-headed ogre
  3015 | D:5      | Reached skill level 7 in Unarmed Combat
  3015 | D:5      | Reached XP level 8. HP: 67/78 MP: 7/7
  4275 | D:6      | Noticed Grinder
  4293 | D:6      | Paralysed by Grinder for 6 turns
  4375 | D:6      | Found a glowing drain.
  4402 | D:6      | Reached skill level 8 in Unarmed Combat
  4423 | Sewer    | Entered a sewer
  4594 | Sewer    | Reached ***** piety under Trog
  4915 | Sewer    | Received a gift from Trog
  5031 | D:6      | Reached XP level 9. HP: 85/85 MP: 8/8
  5045 | D:6      | Reached skill level 1 in Evocations
  5128 | D:6      | Paralysed by Grinder for 4 turns
  5144 | D:6      | Killed Grinder
  5523 | D:6      | Found a blossoming altar of Fedhas.
  5527 | D:6      | Found an ornate altar of the Wu Jian Council.
  5648 | D:6      | Reached skill level 9 in Unarmed Combat
  5690 | D:6      | Received a gift from Trog
  5872 | D:7      | Found a sparkling altar of Nemelex Xobeh.
  5967 | D:7      | Reached skill level 5 in Fighting
  6181 | D:7      | Found a sacrificial altar of Ru.
  6267 | D:7      | Reached skill level 5 in Dodging
  6607 | D:8      | Found a burning altar of Makhleb.
  6607 | D:8      | Found a deep blue altar of Sif Muna.
  6608 | D:8      | Found a glowing silver altar of Zin.
  6608 | D:8      | Found a shadowy altar of Dithmenos.
  6758 | D:8      | Noticed a two-headed ogre
  6765 | D:8      | Mangled by a two-headed ogre

Skill      XL: |  1  2  3  4  5  6  7  8  9 |
---------------+----------------------------+-----
Fighting       | 3 4 5 |  5.2
Throwing       | 1 2 3 4 |  4.9
Dodging        | 3 4 5 |  5.1
Stealth        | 1 2 |  2.2
Unarmed Combat | 4 5 7 8 9 |  9.8
Evocations     | 2 |  2.4

Action                   |  1- 3 |  4- 6 |  7- 9 || total
-------------------------+-------+-------+-------++-------
Melee: Unarmed           |    99 |   156 |   352 ||   607
       Punch             |     1 |     2 |    14 ||    17
Invok: Berserk           |     1 |     2 |    18 ||    21
Evoke: Wand              |       |       |     1 ||     1
  Use: Scroll            |       |       |     8 ||     8
       Potion            |       |       |     1 ||     1
 Stab: Sleeping          |       |     2 |     5 ||     7
  Eat: Chunk             |    16 |    15 |    57 ||    88
Armor: Animal skin       |    76 |    48 |    87 ||   211
       Robe              |       |       |    10 ||    10
Dodge: Dodged            |    81 |    95 |   158 ||   334
